 Dungeon Crawl Stone Soup version 0.23-a0-636-g0ff6057 (webtiles) character file.

107 TheGoonsmith the Firebug (level 4, 0/24 HPs)
             Began as a Gargoyle Fire Elementalist on Dec 28, 2018.
             Killed from afar by an orc wizard (3 damage)
             ... with a puff of flame
             ... on level 3 of the Dungeon.
             The game lasted 00:02:58 (2416 turns).

TheGoonsmith the Firebug (GrFE)                     Turns: 2416, Time: 00:02:59

Health: 0/24       AC:  6    Str: 12    XL:     4   Next: 85%
Magic:  0/8        EV: 12    Int: 16    God:
Gold:   145        SH:  0    Dex: 10    Spells: 8/9 levels left

rFire    . . .     SeeInvis .   e - +0 mace
rCold    . . .     Gourm    .   (no shield)
rNeg     + . .     Faith    .   a - +0 robe
rPois    ∞         Spirit   .   (no helmet)
rElec    +         Reflect  .   l - +0 cloak
rCorr    .         Harm     .   (no gloves)
MR       .....                  (no boots)
Stlth    ++........             (no amulet)
HPRegen  0.08/turn              (no ring)
MPRegen  0.11/turn              (no ring)

@: very slightly contaminated
A: negative energy resistance 1, electricity resistance, unbreathing,
petrification resistance, rot immunity, AC +3
a: no special abilities


You were on level 3 of the Dungeon.
You were not hungry.

You visited 1 branch of the dungeon, and saw 3 of its levels.

You collected 145 gold pieces.

Inventory:

Hand Weapons
 b - a +0 club
 e - a +0 mace (weapon)
Armour
 a - a +0 robe (worn)
 l - a +0 cloak (worn)
Jewellery
 j - an uncursed ring of stealth {unknown}
 p - an uncursed amulet of the acrobat {unknown}
Scrolls
 d - 2 scrolls of fog {unknown}
 f - a scroll of identify {unknown}
 h - a scroll of noise {unknown}
 m - a scroll of random uselessness {unknown}
 n - a scroll of magic mapping {unknown}
Potions
 g - a potion of ambrosia {unknown}
 i - a potion of haste {unknown}
 k - a potion of curing {unknown}
 o - a potion of agility {unknown}
 q - a potion of mutation {unknown}
Comestibles
 c - 5 rations


   Skills:
 - Level 1.5 Dodging
 - Level 2.1 Stealth
 + Level 3.0 Spellcasting
 + Level 2.9 Conjurations
 + Level 4.0 Fire Magic


You had 8 spell levels left.
You knew the following spells:

 Your Spells              Type           Power        Failure   Level  Hunger
a - Flame Tongue          Conj/Fire      ##...        4%          1    #......

Your spell library contained the following spells:

 Spells                   Type           Power        Failure   Level  Hunger
 Throw Flame              Conj/Fire      ##....       7%          2    ##.....
 Conjure Flame            Conj/Fire      ##......     14%         3    ###....
 Inner Flame              Hex/Fire       #.......     24%         3    ###....
 Sticky Flame             Conj/Fire      ##......     41%         4    #####..
 Fireball                 Conj/Fire      ##........   77%         5    ######.


Dungeon Overview and Level Annotations

Branches:
Dungeon (3/15)

Altars:


Innate Abilities, Weirdness & Mutations

You are resistant to torment.
Your stone body is resilient. (AC +3)
You are immune to poison.
You resist negative energy. (rN+)
You are resistant to electric shocks. (rElec)
You can survive without breathing.
You are immune to petrification.
You are immune to rotting.


Message History

You sock the orc wizard!
The orc wizard is heavily wounded.
The orc wizard hits you but does no damage.
Casting: Flame Tongue (safe; 4% risk of failure)
Confirm with . or Enter, or press ? or * to list all spells.
Aiming: Flame Tongue (safe; 4% risk of failure)
Press: ? - help, Shift-Dir - straight line, f - orc wizard
Aim: an orc wizard, wielding a +0 dagger and wearing a +0 robe (heavily The flame tongue hits the orc wizard.
The orc wizard is almost dead.
The orc wizard gestures at you while chanting.
The magic dart hits you!
* * * LOW HITPOINT WARNING * * *
Okay, then.
You closely miss the orc wizard.
The orc wizard is almost dead.
The orc wizard barely misses you.
The orc wizard gestures at you while chanting.
The puff of flame hits you!
You die...

..............#.##
.######o#####.#. #.# ... ###o#
.#.# .. ..#.#####.###
##.##.#..........
#.....###...#.## #..##.###o..#.#
#..##.#.@)..#.# #..##.#.....#.#
######..##.......#.#
.........'.......'.######
#####..##.......#.##...#
#..##......##.##...#
########..##<.....##..'...+ ..
#.........##......##.##...# ...
#.........##......##.##...###...


You could see an orc wizard.

Vanquished Creatures
  An orc priest (D:3)
  2 adders (D:2)
  An ooze (D:1)
  3 worms
  A dart slug (D:2)
  An orc (D:3)
  A ball python (D:1)
  A giant cockroach (D:1)
  5 goblins
  5 hobgoblins
  3 jackals (D:3)
  2 bats
  4 frilled lizards
  11 kobolds
  A quokka zombie (D:2)
  5 rats (D:2)
47 creatures vanquished.

Notes
Turn   | Place    | Note
-------+----------+-------------------------------------------
     0 | D:1      | TheGoonsmith the Gargoyle Fire Elementalist began the quest
                  | for the Orb.
     0 | D:1      | Reached XP level 1. HP: 10/10 MP: 3/3
   126 | D:1      | Reached XP level 2. HP: 11/15 MP: 1/5
   805 | D:1      | Reached XP level 3. HP: 19/19 MP: 2/6
  1508 | D:2      | Reached XP level 4. HP: 24/24 MP: 6/8
  2413 | D:3      | Reached skill level 4 in Fire Magic
  2416 | D:3      | Killed from afar by an orc wizard

Vault maps used:
D:1:      minmay_arrival_stair_chambers, fountainhead, minivault_4,
          grunt_decor_clamped, fountainhead
D:2:      roderic_nine_men_s_morris, minmay_pentomino_t2
D:3:      first_ration, minmay_cupped, uniq_grinder

Skill      XL: |  1  2  3  4 |
---------------+-------------+-----
Conjurations   | 2 |  2.9
Spellcasting   | 3 |  3.0
Fire Magic     | 4 |  4.0
Dodging        | |  1.5
Stealth        | |  2.1

Action                   |  1- 3 |  4- 6 || total
-------------------------+-------+-------++-------
Melee: Club              |    12 |       ||    12
       Mace              |    10 |     9 ||    19
 Cast: Flame Tongue      |    54 |    26 ||    80
  Eat: Chunk             |     2 |     3 ||     5
Armor: Robe              |    19 |     5 ||    24
Dodge: Dodged            |    28 |     8 ||    36

Table legend:
 A = Non-vault XP
 B = Vault XP
 C = Vault XP percentage of total XP
 D = Non-vault monster count
 E = Vault monster count
 F = Vault count percentage of total count
                 A         B        C        D         E       F
            +---------+---------+-------+---------+---------+-------
      Total |     140 |      13 |   8.5 |      46 |       1 |   2.1
            +---------+---------+-------+---------+---------+-------
        D:1 |      34 |       0 |   0.0 |      19 |       0 |   0.0
        D:2 |      50 |      13 |  20.6 |      20 |       1 |   4.8
        D:3 |      56 |       0 |   0.0 |       7 |       0 |   0.0
            +---------+---------+-------+---------+---------+-------
